 Dungeon Crawl Stone Soup version 0.25-a0-589-g1e14c549ee (webtiles) character file.

Game seed: 9921798757694828164, levelgen mode: deterministic

91 MisterFreud the Ducker (level 4, -2/22 HPs)
             Began as a Felid Skald on Mar 11, 2020.
             Slain by a centaur (7 damage)
             ... on level 5 of the Dungeon.
             The game lasted 00:04:43 (3080 turns).

MisterFreud the Ducker (Felid Skald)                Turns: 3080, Time: 00:04:43

Health: -2/22      AC:  1    Str:  7    XL:     4   Next: 34%
Magic:  3/8        EV: 21    Int: 14    God:
Gold:   122        SH:  0    Dex: 16    Spells: 4/7 levels left
                                        Lives:  0   Deaths: 1

rFire    . . .     SeeInvis +     - Unarmed
rCold    . . .     Gourm    .   (shield unavailable)
rNeg     . . .     Faith    .   (armour unavailable)
rPois    .         Spirit   .   (helmet unavailable)
rElec    .         Reflect  .   (cloak unavailable)
rCorr    .         Harm     .   (gloves unavailable)
MR       .....                  (boots unavailable)
Stlth    ++........             (no amulet)
HPRegen  0.07/turn              k - ring of flight
MPRegen  0.11/turn              (no ring)

@: stab, quick
A: very small, no armour, no weapons or thrown items, stealth, claws 1, fangs 3,
see invisible, carnivore, speed 1, shaggy fur 1, slow metabolism 1, sharp paws
a: Evoke Flight


You were on level 5 of the Dungeon.
You were not hungry.

You visited 1 branch of the dungeon, and saw 4 of its levels.

You collected 122 gold pieces.

Inventory:

Jewellery
 k - a ring of flight (left paw)
Scrolls
 c - 2 scrolls of enchant weapon {unknown}
 e - 2 scrolls of random uselessness {unknown}
 h - a scroll of remove curse {unknown}
 j - 2 scrolls of teleportation {unknown}
Potions
 a - a potion of stabbing
 d - 2 potions of curing
 f - a potion of degeneration {unknown}
 g - a potion of brilliance {unknown}
 i - a potion of lignification {unknown}
Comestibles
 b - 3 rations


   Skills:
 - Level 4.0 Fighting
 + Level 5.3 Dodging
 - Level 2.0 Unarmed Combat
 - Level 2.0 Spellcasting
 - Level 3.6 Charms


You had 4 spell levels left.
You knew the following spells:

 Your Spells              Type           Power        Failure   Level  Hunger
a - Infusion              Chrm           ##..         5%          1    ##.....
b - Shroud of Golubria    Chrm/Tloc      #.....       17%         2    ###....

Your spell library contained the following spells:

 Spells                   Type           Power        Failure   Level  Hunger
 Song of Slaying          Chrm           ##......     9%          2    ###....
 Ozocubu's Armour         Chrm/Ice       #.......     34%         3    ####...
 Spectral Weapon          Hex/Chrm       Unusable     N/A         3    N/A

Dungeon Overview and Level Annotations

Branches:
Dungeon (3/15)

Altars:
Fedhas

Annotations:
D:2 exclusion: oklob plant


Innate Abilities, Weirdness & Mutations

You cannot wear armour.
You are incapable of wielding weapons or throwing items.
Your paws allow you to move quietly. (Stealth)
You have sharp claws.
You have razor-sharp teeth.
You have supernaturally acute eyesight. (SInv)
You are carnivorous and can eat meat at any time.
You cover ground quickly.
You are covered in fur. (AC +1)
You have a slow metabolism.
Your sharp claws are effective at attacking unaware monsters.


Message History

The centaur hits you but does no damage.
The orc wizard gestures at you while chanting.
The magic dart hits you.
* * * LOW HITPOINT WARNING * * *
You closely miss the orc wizard.
The orc wizard is almost dead.
The centaur misses you. The orc wizard completely misses you.
The centaur misses you.
You closely miss the orc wizard.
The orc wizard is almost dead.
The centaur misses you.
The orc wizard gestures wildly while chanting.
The orc wizard blinks!
A crimson imp comes into view.
Unknown command.
It was a potion of stabbing.
You feel ready to backstab. The centaur closely misses you. x2
You closely miss the centaur. The centaur hits you!
You die...

.. .# .# .# ##..
.##..... .o. #...
##c# ....# ##@#
#... #o###..
######.#.#
##...###o###.#.
..#.o....ooo...[.#
.....o(.h.o###.###
......=..###
#.......>#
#.#.....##


You could see a centaur, an orc wizard and an orc.

Vanquished Creatures
  A howler monkey (D:5)
  3 adders (D:2)
  A worm (D:2)
  A leopard gecko (D:1)
  5 orcs
  A bat (D:2)
  A giant cockroach (D:2)
  A goblin (D:1)
  5 hobgoblins
  6 jackals
  A quokka (D:2)
  3 ball pythons
  A frilled lizard (D:2)
  6 kobolds
  6 rats
42 creatures vanquished.

Vanquished Creatures (others)
  An orc wizard (D:5)
1 creature vanquished.

Grand Total: 43 creatures vanquished

Notes
Turn   | Place    | Note
-------+----------+-------------------------------------------
     0 | D:1      | MisterFreud the Felid Skald began the quest for the Orb.
     0 | D:1      | Reached XP level 1. HP: 9/9 MP: 4/4
   344 | D:1      | Reached XP level 2. HP: 8/13 MP: 0/6
   987 | D:1      | Learned a level 2 spell: Shroud of Golubria
  1728 | D:2      | Reached XP level 3. HP: 11/17 MP: 0/7
  2666 | D:2      | Found a blossoming altar of Fedhas.
  2677 | D:2      | Noticed an oklob plant
  2753 | D:2      | Reached skill level 4 in Dodging
  2753 | D:2      | Reached XP level 4. HP: 22/22 MP: 1/8
  3015 | D:3      | You fall into a shaft and drop 2 floors!
  3015 | D:5      | Entered Level 5 of the Dungeon
  3028 | D:5      | Killed from afar by an orc priest
  3029 | D:5      | Reached XP level 3. HP: -1/18 MP: 7/7
  3045 | D:5      | Reached XP level 4. HP: 22/22 MP: 0/8
  3048 | D:5      | Reached skill level 5 in Dodging
  3069 | D:5      | Noticed a centaur
  3080 | D:5      | Slain by a centaur

Levels and vault maps discovered:
D:1:      minmay_arrival_doors, layout_rooms
D:2:      layout_rooms, tgw_fedhas
D:3:      layout_loops_ring, grunt_ministairs_8, uniq_robin
D:5:      layout_loops_ring, first_ration

Skill      XL: |  1  2  3  4 |
---------------+-------------+-----
Fighting       | 3 4 |  4.0
Dodging        | 4 5 |  5.3
Unarmed Combat | |  2.0
Spellcasting   | |  2.0
Charms         | |  3.6

Action                   |  1- 3 |  4- 6 || total
-------------------------+-------+-------++-------
Melee: Unarmed           |   147 |    30 ||   177
       Bite              |    13 |     3 ||    16
 Cast: Infusion          |    19 |       ||    19
       Shroud of Golubri |    11 |       ||    11
  Use: Potion            |       |     3 ||     3
 Stab: Sleeping          |       |     1 ||     1
  Eat: Chunk             |    11 |     1 ||    12
Armor: Skin              |     5 |     1 ||     6
Dodge: Dodged            |   135 |    32 ||   167

Table legend:
 A = Non-vault XP
 B = Vault XP
 C = Vault XP percentage of total XP
 D = Non-vault monster count
 E = Vault monster count
 F = Vault count percentage of total count
                 A         B        C        D         E       F
            +---------+---------+-------+---------+---------+-------
      Total |     191 |       0 |   0.0 |      43 |       0 |   0.0
            +---------+---------+-------+---------+---------+-------
        D:1 |      27 |       0 |   0.0 |      17 |       0 |   0.0
        D:2 |      78 |       0 |   0.0 |      22 |       0 |   0.0
        D:5 |      86 |       0 |   0.0 |       4 |       0 |   0.0
            +---------+---------+-------+---------+---------+-------
